 Dungeon Crawl Stone Soup version 0.30-b1-2-g02819fbbbe (webtiles) character file.

Game seed: 8940289032156650368

34413 RevX99 the Fighter (level 13, 0/247 HPs)
             Began as a Minotaur Fighter on May 21, 2023.
             Was an Elder of Hepliaklqana.
             Succumbed to a green ugly thing's poison
             ... on level 14 of the Dungeon on May 22, 2023.
             The game lasted 02:00:52 (12377 turns).

RevX99 the Fighter (Minotaur Fighter)              Turns: 12377, Time: 02:00:53

Health: 0/247      AC: 30    Str: 32    XL:     13   Next: 42%
Magic:  0/12       EV:  2    Int: 10    God:    Hepliaklqana [****..]
Gold:   818        SH:  9    Dex: 10    Spells: 12/12 levels left

rFire   + . .        H - +4 falchion (chaos)
rCold   + . .        c - +2 buckler
rNeg    . . .        r - melded +2 chain mail "Peaz" {rN+ Regen+}
rPois   +            (helmet currently unavailable)
rElec   +            l - melded +0 cloak
rCorr   +            B - melded +2 pair of gloves
SInv    .            (boots currently unavailable)
Will    .....        d - amulet of guardian spirit Stlth
                     i - +6 ring of strength
HPRegen 0.61/turn    u - ring of Suoxisho {rElec AC+4 Int+5 Slay+3}
MPRegen 0.13/turn

%: guardian spirit
@: berserking, lethally poisoned (0 -> -5), tree-form, resistant, very quick
A: stationary, stasis, torment immunity, boosted hp, reduced essence, (horns 2),
(retaliatory headbutt)
a: Renounce Religion, Recall Ancestor, Ancestor Identity, Transference, Idealise


You were on level 14 of the Dungeon.
You worshipped Hepliaklqana.
Hepliaklqana was greatly pleased with you.
You were a tree.
You visited 1 branch of the dungeon, and saw 14 of its levels.

You collected 818 gold pieces.

Inventory:

Hand Weapons
 w - a +3 short sword
 E - a +3 great sword of freezing
 H - a +4 falchion of chaos (weapon)
 L - a +2 whip of electrocution
Missiles
 v - a curare-tipped dart
 x - 41 poisoned darts
 P - 6 boomerangs of dispersal
Armour
 c - a +2 buckler (worn)
 l - a +0 cloak (melded)
 r - the +2 chain mail "Peaz" (melded) {rN+ Regen+}
   (You found it on level 4 of the Dungeon)

   rN:        It protects you from negative energy.
   Regen:     It increases your rate of health regeneration.
 B - a +2 pair of gloves (melded)
 N - a +0 kite shield
 T - the +3 ring mail of Adua {rElec Will+}
   (You found it on level 10 of the Dungeon)

   rElec:     It insulates you from electricity.
   Will:      It increases your willpower.
Jewellery
 d - an amulet of guardian spirit (around neck)
 i - a +6 ring of strength (left branch)
 m - the ring of the Archfiend {AC+4 Dex+4}
   (You found it on level 12 of the Dungeon)

   [ring of protection]

   AC:        It affects your AC (+4).
   Dex:       It affects your dexterity (+4).
 u - the ring of Suoxisho (right branch) {rElec AC+4 Int+5 Slay+3}
   (You found it on level 13 of the Dungeon)

   [ring of protection]

   AC:        It affects your AC (+4).
   Int:       It affects your intelligence (+5).
   Slay:      It affects your accuracy & damage with ranged weapons and melee
   (+3).
   rElec:     It insulates you from electricity.
 y - the ring "Usobav" {rC+ rN+}
   (You acquired it on level 8 of the Dungeon)

   [ring of positive energy]

   rC:        It protects you from cold.
   rN:        It protects you from negative energy.
 F - a ring of see invisible
Wands
 o - a wand of charming (44)
 p - a wand of digging (3)
 A - a wand of roots (7)
 K - a wand of mindburst (9)
 X - a wand of acid (6)
 Y - a wand of polymorph (2)
Scrolls
 n - 4 scrolls of poison
 s - 6 scrolls of teleportation
 Q - 2 scrolls of magic mapping
 S - a scroll of amnesia
 V - 3 scrolls of identify
Potions
 a - 3 potions of lignification
 b - 2 potions of might
 e - a potion of magic
 g - 6 potions of haste
 j - 6 potions of brilliance
 q - 3 potions of flight
 C - a potion of heal wounds (quivered)
 J - 6 potions of curing
 M - a potion of mutation


   Skills:
 + Level 13.9 Fighting
 + Level 13.6 Long Blades
 + Level 13.9 Armour
 + Level 13.8 Shields


You had 12 spell levels left.
You didn't know any spells.
Your spell library contained the following spells:

 Spells                   Type           Power      Damage    Failure   Level
 Beastly Appendage        Tmut           0%         N/A       38%         1
 Magic Dart               Conj           0%         1d3       38%         1
 Call Imp                 Summ           0%         N/A       52%         2
 Wereblood                Tmut           0%         N/A       52%         2
 Gell's Gravitas          Tloc           0%         N/A       77%         3
 Mephitic Cloud           Conj/Pois/Air  0%         N/A       77%         3
 Ozocubu's Armour         Ice            0%         N/A       77%         3
 Spider Form              Tmut/Pois      0%         N/A       77%         3
 Summon Guardian Golem    Hex/Summ       0%         N/A       77%         3
 Teleport Other           Tloc           0%         N/A       77%         3
 Metabolic Englaciation   Hex/Ice        0%         N/A       100%        5
 Dispersal                Tloc           0%         N/A       100%        6
 Simulacrum               Ice/Necr       0%         N/A       100%        6
 Orb of Destruction       Conj           0%         9d5       100%        7
 Spellforged Servitor     Conj/Summ      0%         N/A       100%        7
 Borgnjor's Revivificati  Necr           0%         N/A       100%        8
 Necromutation            Tmut/Necr      0%         N/A       100%        8
 Death's Door             Necr           0%         N/A       100%        9


Dungeon Overview and Level Annotations

Branches:
Dungeon (14/15)            Temple (0/1) D:5            Lair (0/5) D:10
    Orc (0/2) D:11
 Vaults: D:13-14

Altars:
Dithmenos
Gozag
Hepliaklqana
Kikubaaqudgha
Makhleb
Nemelex Xobeh
Qazlal
Ru
Uskayaw
Wu Jian
Xom
Zin

Shops:
D:4 (   D:7 :   D:9 =*   D:11 [

Annotations:
D:13 3 runed translucent doors


Innate Abilities, Weirdness & Mutations

You are a tree.
Your roots penetrate the ground, keeping you stationary.
You cannot be teleported.
You are immune to unholy pain and torment.
Your maximum health is greatly increased.
Your equipment is partially melded.
Your life essence is reduced to manifest your ancestor. (-10% HP)
((You have a pair of horns on your head.))
((You reflexively headbutt those who attack you in melee.))


Message History

The green ugly thing engulfs you.
* * * LOW HITPOINT WARNING * * *
Udjahorresnet hits the rakshasa with a +0 flail!
You block the rakshasa's attack.
The rakshasa blinks!
Udjahorresnet blocks the rakshasa's attack.
You cannot move.
You slash the green ugly thing!
The green ugly thing is moderately wounded.
You feel very sick.
You block the green ugly thing's attack.
The rakshasa hits you but does no damage.
Udjahorresnet blocks the rakshasa's attack.
You slash the green ugly thing!
The green ugly thing is heavily wounded.
You feel sick.
Udjahorresnet hits the rakshasa but does no damage.
The green ugly thing engulfs you but does no damage.
You closely miss the ice beast.
You feel sick.
The rakshasa hits Udjahorresnet with a +0 long sword!!
Udjahorresnet is destroyed!
The ice beast hits you but does no damage.
The rakshasa hits you but does no damage.
The rakshasa hits you with a +0 long sword!
* * * LOW HITPOINT WARNING * * *
A red film seems to cover your vision as you go berserk!
You feel yourself moving faster!
You feel mighty!
You feel sick.
The green ugly thing engulfs you but does no damage.
You block the ice beast's attack.
The rakshasa hits you with a +0 long sword!!
* * * LOW HITPOINT WARNING * * *
The rakshasa barely misses you.
You barely miss the green ugly thing.
The green ugly thing is heavily wounded.
You feel sick.
The green ugly thing engulfs you but does no damage.
The rakshasa hits you with a +0 long sword.
* * * LOW HITPOINT WARNING * * *
You slash the green ugly thing! You burn the green ugly thing.
The green ugly thing is severely wounded.
You die...

.............. ....
#...............
...##...............
#(.................$
...!##R.............
....#..............
##.....YR.........#
#...#..♣u..(.......
#..<†...R..........
###.†..##..........
#.....#.##.........
.....................
#$..####......<........
... ..#..##......... ..
...#..#.......... >
..................


You could see a green ugly thing, 3 rakshasas and an ice beast.

Vanquished Creatures
  A boulder beetle (D:12)
  A two-headed ogre (D:11)
  2 centaur warriors (D:13)
  Pikel (D:4)
  4 ugly things
  A salamander (shapeshifter) (D:14)
  2 gargoyles
  A kobold demonologist (D:11)
  An unseen horror (D:12)
  4 trolls
  Grinder (D:3)
  A hornet (D:8)
  2 shadows
  Sigmund (D:3)
  19 yaks
  A wraith (D:11)
  A steam dragon (D:9)
  Menkaure (D:6)
  8 vampire mosquitoes
  A warg (D:10)
  An acid dragon (D:5)
  3 water moccasins
  2 orc warriors
  A black bear (D:7)
  5 ogres
  8 centaurs
  A lemure (D:4)
  2 kobold brigands
  2 gnoll sergeants (D:9)
  3 wyvern zombies (D:7)
  2 bullfrogs
  5 scorpions
  13 wights
  2 killer bees (D:9)
  An electric eel (D:7)
  7 centaur zombies (D:7)
  Crazy Yiuf (D:2)
  4 hounds
  3 orc priests
  4 iguanas
  4 orc wizards
  Natasha (thrice) (D:2)
  A killer bee zombie (D:7)
  Robin (D:4)
  2 howler monkey zombies (D:7)
  11 gnolls
  8 adders
  4 river rats (D:6)
  2 shadow imps (D:8)
  7 worms
  2 dart slugs
  21 orcs
  7 endoplasms
  2 giant cockroaches (D:1)
  16 goblins
  12 hobgoblins
  3 jackals
  11 kobolds
  3 quokkas
  4 ball pythons
  5 bats
  4 frilled lizards
  8 rats
265 creatures vanquished.

Vanquished Creatures (collateral kills)
  A two-headed ogre (D:11)
  A boulder beetle (D:11)
  An unseen horror (D:12)
  A troll (D:11)
  10 yaks
  2 wraiths
  2 steam dragons
  2 vampire mosquitoes (D:11)
  2 wargs (D:10)
  2 acid dragons
  A hornet zombie (D:7)
  2 ogres
  An ice beast (D:6)
  3 centaurs
  2 kobold brigands
  A gnoll sergeant (D:10)
  A scorpion (D:7)
  A water moccasin zombie (D:7)
  2 wights (D:9)
  7 killer bees (D:9)
  A bullfrog zombie (D:7)
  A hound (D:7)
  2 orc priests (D:10)
  5 orc wizards
  3 howler monkey zombies (D:7)
  8 gnolls
  A worm (D:6)
  7 orcs
  10 kobolds
  2 rats (D:6)
85 creatures vanquished.

Vanquished Creatures (others)
  11 knights
  A fungus (D:2)
  3 plants (D:6)
  10 withered plants (D:7)
25 creatures vanquished.

Grand Total: 375 creatures vanquished

Notes
Turn   | Place    | Note
-------+----------+-------------------------------------------
     0 | D:1      | RevX99 the Minotaur Fighter began the quest for the Orb.
     0 | D:1      | Reached XP level 1. HP: 19/19 MP: 0/0
    73 | D:1      | Reached XP level 2. HP: 27/27 MP: 1/1
   681 | D:1      | Reached XP level 3. HP: 33/33 MP: 2/2
   923 | D:2      | Noticed Natasha
   926 | D:2      | Found an ornate altar of the Wu Jian Council.
   932 | D:2      | Killed Natasha
   933 | D:2      | Reached XP level 4. HP: 39/41 MP: 3/3
  1054 | D:2      | Noticed Natasha
  1061 | D:2      | Killed Natasha
  1217 | D:2      | Noticed Natasha
  1229 | D:2      | Killed Natasha
  1230 | D:2      | Reached XP level 5. HP: 34/47 MP: 4/4
  1461 | D:2      | Found a runed translucent door.
  1462 | D:2      | Noticed Crazy Yiuf
  1468 | D:2      | Killed Crazy Yiuf
  1540 | D:3      | Found an ornate altar of the Wu Jian Council.
  1589 | D:3      | Noticed Sigmund
  1640 | D:4      | Reached skill level 5 in Armour
  1640 | D:4      | Reached skill level 5 in Shields
  1653 | D:4      | Noticed Robin
  1664 | D:4      | Reached skill level 5 in Fighting
  1689 | D:4      | HP: 1/48 [something (5)]
  1698 | D:4      | Killed Robin
  1699 | D:4      | Reached XP level 6. HP: 33/56 MP: 5/5
  1990 | D:3      | Killed Sigmund
  2282 | D:3      | Noticed Grinder
  2288 | D:3      | Paralysed by Grinder for 5 turns
  2302 | D:3      | Killed Grinder
  2303 | D:3      | Reached skill level 5 in Long Blades
  2303 | D:3      | Reached XP level 7. HP: 49/63 MP: 6/6
  2865 | D:4      | Identified the +2 chain mail "Peaz" {rN+ Regen+}
  3322 | D:4      | Noticed Pikel
  3354 | D:4      | Killed Pikel
  3355 | D:4      | Reached XP level 8. HP: 47/73 MP: 7/7
  3397 | D:4      | Found Fitirgh's Weapon Shop.
  3609 | D:5      | Entered Level 5 of the Dungeon
  3716 | D:5      | Found a hazy altar of Hepliaklqana.
  3721 | D:5      | Became a worshipper of Hepliaklqana the Forgotten
  3780 | D:5      | Found a shimmering altar of Xom.
  4020 | D:5      | Found a staircase to the Ecumenical Temple.
  4248 | D:6      | Reached XP level 9. HP: 77/81 MP: 6/8
  4250 | D:6      | Noticed Menkaure
  4441 | D:6      | Killed Menkaure
  4483 | D:6      | Reached * piety under Hepliaklqana
  4617 | D:6      | Found an ancient bone altar of Kikubaaqudgha.
  4877 | D:6      | Found a shadowy altar of Dithmenos.
  4981 | D:6      | Noticed a +0 hand axe
  4982 | D:6      | Noticed a +0 hand axe
  4985 | D:6      | Found a hide-covered altar of Uskayaw.
  5467 | D:7      | Found Vurotif's Book Emporium.
  5751 | D:7      | Reached XP level 10. HP: 80/80 MP: 7/9
  6250 | D:7      | Reached ** piety under Hepliaklqana
  6251 | D:7      | Remembered your ancestor Udjahorresnet as a knight
  6340 | D:8      | Paralysed by a hornet for 1 turns
  6398 | D:8      | Reached skill level 10 in Fighting
  6845 | D:8      | Reached skill level 10 in Armour
  7088 | D:8      | Found a glowing silver altar of Zin.
  7230 | D:8      | Reached skill level 10 in Shields
  7296 | D:8      | Identified a scroll of acquirement
  7296 | D:8      | Acquired the ring "Usobav" {rC+ rN+}
  7690 | D:9      | Reached *** piety under Hepliaklqana
  7729 | D:9      | Reached skill level 10 in Long Blades
  7798 | D:9      | Found Opsehur's Jewellery Shoppe.
  8143 | D:9      | Reached XP level 11. HP: 90/90 MP: 10/10
  8293 | D:9      | Found Gozag's Platinum Reserve.
  8293 | D:9      | Found an opulent altar of Gozag.
  8495 | D:10     | Entered Level 10 of the Dungeon
  8495 | D:10     | Found a staircase to the Lair.
  8966 | D:10     | Found a stormy altar of Qazlal.
  9256 | D:10     | Identified the +3 ring mail of Adua {rElec Will+}
  9413 | D:10     | Found a sparkling altar of Nemelex Xobeh.
  9414 | D:10     | Found a burning altar of Makhleb.
  9555 | D:10     | Found a sacrificial altar of Ru.
  9669 | D:11     | Noticed a boulder beetle
  9746 | D:11     | Killed a boulder beetle
  9877 | D:11     | Noticed a two-headed ogre
  9894 | D:11     | Killed a two-headed ogre
 10247 | D:11     | Noticed a two-headed ogre
 10267 | D:11     | Killed a two-headed ogre
 10436 | D:11     | Found Indra's Dragon-Slaying Spoils.
 10601 | D:11     | Found a staircase to the Orcish Mines.
 10708 | D:12     | Found a hazy altar of Hepliaklqana.
 10714 | D:12     | Reached **** piety under Hepliaklqana
 10749 | D:12     | Reached XP level 12. HP: 101/101 MP: 9/11
 10929 | D:12     | Reached XP level 13. HP: 109/109 MP: 12/12
 11121 | D:12     | Identified the ring of the Archfiend {AC+4 Dex+4}
 11593 | D:13     | Identified the ring of Suoxisho {rElec AC+4 Int+5 Slay+3}
 11946 | D:13     | Found a runed translucent door.
 11947 | D:13     | Noticed a merfolk impaler
 11949 | D:13     | Found a runed translucent door.
 12050 | D:13     | Found a runed translucent door.
 12375 | D:14     | HP: 8/247 [rakshasa/+0 long sword (19)]
 12376 | D:14     | HP: 1/247 [rakshasa/+0 long sword (6)]
 12377 | D:14     | Succumbed to a green ugly thing's poison

Illustrated notes

Levels and vault maps discovered:
D:1:      roderic_chinese_lattice_arrival, layout_loops_cross
D:2:      layout_basic, basic_altar, uniq_crazy_yiuf_cottage, uniq_natasha
D:3:      layout_basic, nzn_wu_jian_contemplation, uniq_sigmund, uniq_grinder
D:4:      layout_basic, serial_shops, nicolae_shop_just_a_little_nook,
          minmay_bisected, uniq_pikel, uniq_robin
D:5:      layout_rooms, mainiacjoe_overflow_alcove_4, lemuel_round_altar,
          minmay_temple_entry_mini_moons
D:6:      layout_cave_pools, dancing_weapons_uskayaw,
          nicolae_dithmenos_shadow_blocks, nicolae_overflow_crystal_walls,
          lightli_sewer_entry_pipes, serial_bayou, serial_bayou_shore_b,
          serial_bayou_pond_d, serial_bayou_crossing, serial_bayou_lagoon_a,
          kennysheep_generic_room_14, uniq_menkaure
D:7:      layout_loops_ring, serial_shops, shop, serial_undead, serial_undead_f,
          serial_undead_a, serial_undead_f, serial_undead_f, serial_undead_e,
          serial_undead_f
D:8:      layout_layer_cave, zin_scriptorium
D:9:      layout_roguey, nicolae_gozag_zags_fifth_avenue, serial_shops, shop
D:10:     layout_loops_corners, amcnicky_altar_gilded, nicolae_ru_path_of_blood,
          nicolae_overflow_hidden_temple, erik_lair_orcish_takeover
D:11:     layout_rooms, orc_0_dummy, nicolae_shop_dragon_depot
D:12:     layout_long_grid, nicolae_hepliaklqana_hazy_memory
D:13:     layout_cave_pools, mikee_hates_you
D:14:     layout_cave_pools, david_vaults_4, lightli_church_of_beogh

Skill      XL: |  1  2  3  4  5  6  7  8  9 10 11 12 |
---------------+-------------------------------------+-----
Fighting       | 4 5 6 7 9 10 12 13 | 13.9
Armour         | 4 5 6 7 9 10 12 13 | 13.9
Shields        | 4 5 6 7 9 10 12 13 | 13.8
Long Blades    | 3 4 5 6 7 9 10 12 13 | 13.6

Action                     |  1- 3 |  4- 6 |  7- 9 | 10-12 | 13-15 || total
---------------------------+-------+-------+-------+-------+-------++-------
  Melee: Long sword        |    61 |    47 |       |       |       ||   108
         Headbutt          |     9 |    16 |    62 |    91 |    22 ||   200
         Falchion          |       |    94 |   304 |   392 |    97 ||   887
  Throw: Dart              |       |       |       |     8 |       ||     8
 Invoke: Ancestor Life: Kn |       |       |       |     1 |       ||     1
  Evoke: Wand              |       |       |     1 |       |       ||     1
    Use: Scroll            |       |     3 |    10 |    12 |     5 ||    30
         Potion            |       |     2 |     1 |     2 |     7 ||    12
   Stab: Confused          |       |       |       |     1 |       ||     1
         Distracted        |       |       |       |       |     1 ||     1
 Armour: Scale mail        |    25 |    39 |       |       |       ||    64
         Plate armour      |       |    31 |    10 |       |       ||    41
         Chain mail        |       |       |   144 |   202 |    94 ||   440
         Skin              |       |       |       |     1 |    10 ||    11
  Dodge: Dodged            |    34 |    51 |   102 |   105 |    68 ||   360
  Block: Buckler           |    26 |    83 |   137 |   153 |    83 ||   482
         Reflection        |     3 |       |       |       |       ||     3
